 Dungeon Crawl Stone Soup version 0.26.1-2-gb8aa6d0cf2 (webtiles) character file.

Game seed: 7399259511997189418

111 Gadfly the Skirmisher (level 5, 0/41 HPs)
             Began as a Formicid Abyssal Knight on Feb 10, 2021.
             Was a Believer of Lugonu.
             Killed by nerve-wracking pain
             ... invoked by an orc priest
              (2 damage)
             ... on level 3 of the Dungeon.
             The game lasted 00:03:35 (2512 turns).

Gadfly the Skirmisher (Formicid Abyssal Knight)     Turns: 2512, Time: 00:03:35

Health: 0/41       AC:  5    Str: 18    XL:     5   Next: 15%
Magic:  7/7        EV: 10    Int: 11    God:    Lugonu [**....]
Gold:   50         SH:  0    Dex: 10    Spells: 4/4 levels left

rFire    . . .     SeeInvis +   a - +1 hand axe
rCold    . . .     Faith    .   (no shield)
rNeg     . . .     Spirit   .   g - +0 ring mail
rPois    .         Reflect  .   (helmet unavailable)
rElec    .         Harm     .   (no cloak)
rCorr    .         Rampage  .   (no gloves)
Will     .....                  (no boots)
Stlth    ..........             (no amulet)
HPRegen  0.13/turn              (no ring)
MPRegen  0.10/turn              (no ring)

@: no status effects
A: permanent stasis, dig shafts and tunnels, four strong arms, antennae 3
a: Dig, Shaft Self, Renounce Religion, Depart the Abyss, Bend Space


You were on level 3 of the Dungeon.
You worshipped Lugonu.
Lugonu was pleased with you.
You visited 1 branch of the dungeon, and saw 3 of its levels.
You visited the Abyss 1 time.

You collected 50 gold pieces.

Inventory:

Hand Weapons
 a - a +1 hand axe (weapon)
 b - a +1 antimagic dagger
Armour
 g - a +0 ring mail (worn)
Scrolls
 c - a scroll of immolation {unknown}
 e - 2 scrolls of identify
 f - a scroll of magic mapping {unknown}
Potions
 d - a potion of heal wounds
 j - a potion of ambrosia


   Skills:
 + Level 3.5 Fighting
 * Level 2.9 Axes
 + Level 2.5 Armour
 - Level 0.8 Dodging
 * Level 2.0 Shields
 * Level 3.3 Invocations
 * Level 1.8 Evocations


You had 4 spell levels left.
You didn't know any spells.
Your spell library was empty.

Dungeon Overview and Level Annotations

Branches:
Dungeon (3/15)

Altars:
Cheibriados
Nemelex Xobeh
Uskayaw
The Shining One


Innate Abilities, Weirdness & Mutations

You cannot be hasted, slowed, berserked, paralysed or teleported.
You can dig through walls and to a lower floor.
Your four strong arms can wield two-handed weapons with a shield.
You have a pair of large antennae on your head. (SInv)


Message History

You are too injured to fight recklessly!
You are too injured to fight recklessly!
You are too injured to fight recklessly!
You are too injured to fight recklessly!
You are too injured to fight recklessly!
You are too injured to fight recklessly!
You are too injured to fight recklessly!
You are too injured to fight recklessly!
Unknown command.
Okay, then.
You hit the orc priest but do no damage.
The orc priest invokes the aid of Beogh against you.
Beogh smites you!
* * * LOW HITPOINT WARNING * * *
The orc priest hits you.
* * * LOW HITPOINT WARNING * * *
You barely miss the orc priest.
The orc priest invokes the aid of Beogh against you.
Pain shoots through your body!
You die...

#### .....
#...#########
+..oo@......##########
#...#######(##...##...
+.. #.##...##... #.
#.##...##... #
#######.##^..##...
.............++...
###......#...##...
#......#........
#......#.....###


You could see an orc priest and an orc.

Vanquished Creatures
  A bullfrog skeleton (D:3)
  An adder (D:2)
  An ooze (D:1)
  6 dart slugs
  A leopard gecko (D:2)
  2 orcs (D:3)
  9 bats
  2 giant cockroaches
  5 hobgoblins
  2 jackals (D:2)
  7 kobolds
  A quokka (D:3)
  A ball python (D:3)
  5 frilled lizards
  3 goblins
  6 rats
53 creatures vanquished.

Notes
Turn   | Place    | Note
-------+----------+-------------------------------------------
     0 | Abyss:1  | Gadfly the Formicid Abyssal Knight began the quest for the
                  | Orb.
     0 | Abyss:1  | Reached XP level 1. HP: 18/18 MP: 2/2
    30 | D:1      | Escaped the Abyss
   263 | D:1      | Reached XP level 2. HP: 24/24 MP: 3/3
   477 | D:1      | Reached skill level 1 in Shields
   688 | D:1      | Reached XP level 3. HP: 29/29 MP: 3/5
   721 | D:1      | Reached skill level 1 in Evocations
   978 | D:2      | Reached ** piety under Lugonu
  1229 | D:2      | Found a snail-covered altar of Cheibriados.
  1378 | D:2      | Reached XP level 4. HP: 34/35 MP: 6/6
  1608 | D:2      | Found a hide-covered altar of Uskayaw.
  1643 | D:2      | Found a sparkling altar of Nemelex Xobeh.
  2166 | D:3      | Found a glowing golden altar of the Shining One.
  2272 | D:3      | Reached XP level 5. HP: 18/41 MP: 7/7
  2511 | D:3      | HP: 2/41 [orc priest (2)]
  2512 | D:3      | Killed from afar by an orc priest

Illustrated notes

Levels and vault maps discovered:
D:1:      lightli_iron_boxes, layout_basic
D:2:      layout_rooms, general_overflow_altar, nicolae_overflow_crystal_walls,
          nemelex_xobeh_ov_fountains_minmay
D:3:      layout_basic, old_standard_altar, lemuel_coloured_pillars_altar

Skill      XL: |  1  2  3  4 |
---------------+-------------+-----
Shields        | 1 2 |  2.0
Evocations     | 1 |  1.8
Invocations    | 3 |  3.3
Fighting       | |  3.5
Axes           | |  2.9
Armour         | |  2.5
Dodging        | |  0.8

Action                   |  1- 3 |  4- 6 || total
-------------------------+-------+-------++-------
Melee: Hand axe          |    85 |    82 ||   167
  Use: Scroll            |     1 |     6 ||     7
Armor: Leather armour    |    24 |     6 ||    30
       Ring mail         |       |     9 ||     9
Dodge: Dodged            |    69 |    56 ||   125
